 Dungeon Crawl Stone Soup version 0.22-a0-224-g8cf3520474 (webtiles) character file.

109 iroha the Sneak (level 4, 0/49 HPs)
             Began as a Demonspawn Wanderer on Feb 19, 2018.
             Slain by a worker ant (5 damage)
             ... on level 4 of the Dungeon.
             The game lasted 00:04:06 (3400 turns).

iroha the Sneak (Demonspawn Wanderer)               Turns: 3400, Time: 00:04:06

Health: 0/49       AC:  3    Str: 19    XL:     4   Next: 60%
Magic:  4/4        EV: 12    Int: 13    God:
Gold:   144        SH:  0    Dex: 12    Spells: 3/3 levels left

rFire    . . .     SeeInvis .     - Unarmed
rCold    . . .     Gourm    .   (no shield)
rNeg     . . .     Faith    .   e - +0 robe
rPois    .         Spirit   .   (no helmet)
rElec    .         Reflect  .   (no cloak)
rCorr    .         Harm     .   (gloves unavailable)
MR       .....                  g - +0 pair of boots
Stlth    ..........             (no amulet)
HPRegen  0.16/turn              (no ring)
MPRegen  0.09/turn              (no ring)

@: berserking, lethally poisoned (0 -> -4), very quick
A: claws 3
a: no special abilities


You were on level 4 of the Dungeon.
You were not hungry.

You visited 1 branch of the dungeon, and saw 4 of its levels.

You collected 144 gold pieces.

Inventory:

Armour
 e - a +0 robe (worn)
 g - a +0 pair of boots (worn)
Jewellery
 k - an uncursed ring of magical power {unknown}
Scrolls
 a - 3 scrolls of enchant armour {unknown}
 c - 3 scrolls of teleportation
 i - a scroll of remove curse
 o - a scroll of fog
Potions
 b - 2 potions of berserk rage
 f - a potion of brilliance
 j - a potion of curing
 l - 3 potions of agility
Comestibles
 h - 7 rations


   Skills:
 + Level 2.1 Fighting
   Level 0.7(1.0) Short Blades
   Level 1.0(1.1) Long Blades
 + Level 2.0 Dodging
 + Level 5.0 Stealth
 * Level 2.8 Unarmed Combat


You had 3 spell levels left.
You didn't know any spells.

Dungeon Overview and Level Annotations

Branches:
Dungeon (4/15)
 Temple: D:4-7

Altars:
Trog


Innate Abilities, Weirdness & Mutations

You have claws for hands.


Message History

You closely miss the worker ant. The worker ant bites you!
You claw the worker ant!
The worker ant is heavily wounded.
The worker ant bites you.
You closely miss the worker ant.
The worker ant is heavily wounded.
The worker ant bites you. The goblin barely misses you.
You closely miss the worker ant.
The worker ant is heavily wounded.
The worker ant bites you! The goblin hits you.
* * * LOW HITPOINT WARNING * * *
You are too injured to fight recklessly!
A red film seems to cover your vision as you go berserk!
You feel yourself moving faster!
You feel mighty! The worker ant bites you.
* * * LOW HITPOINT WARNING * * *
You are poisoned.
The worker ant poisons you! The goblin hits you.
* * * LOW HITPOINT WARNING * * *
The worker ant bites you.
You die...

########
#......#
#......#
#...%..###
#........
#......#
#.ga...###
#..@.....#
#..<.>.#...
#......#
#....>.#
########


You could see a worker ant and a goblin.

Vanquished Creatures
  A hound skeleton (D:2)
  4 adders
  An ooze (D:3)
  2 worms
  3 dart slugs
  4 leopard geckos
  An orc (D:3)
  2 giant cockroaches
  3 hobgoblins
  6 jackals (D:1)
  5 kobolds
  A quokka (D:4)
  2 ball pythons (D:1)
  6 rats
41 creatures vanquished.

Notes
Turn   | Place    | Note
-------+----------+-------------------------------------------
     0 | D:1      | iroha the Demonspawn Wanderer began the quest for the Orb.
     0 | D:1      | iroha set off with: a potion of heal wounds, a potion of berserk rage, a scroll of teleportation, a potion of lignification, a +0 robe, a +0 club, a +0 dagger, a ration
     0 | D:1      | Reached XP level 1. HP: 15/15 MP: 1/1
   703 | D:1      | Gained mutation: You have sharp fingernails. [demonic ancestry]
   703 | D:1      | Reached XP level 2. HP: 18/21 MP: 2/2
  1376 | D:2      | Gained mutation: You have very sharp fingernails. [demonic ancestry]
  1376 | D:2      | Reached XP level 3. HP: 16/26 MP: 3/3
  1853 | D:2      | HP: 1/27 [poisoned by an adder]
  2263 | D:2      | Found a bloodstained altar of Trog.
  2460 | D:3      | Gained mutation: You have claws for hands. [demonic ancestry]
  2460 | D:3      | Reached XP level 4. HP: 28/33 MP: 4/4
  3127 | D:3      | Reached skill level 5 in Stealth
  3400 | D:4      | Slain by a worker ant

Vault maps used:
D:1:      minmay_arrival_hallway
D:2:      overflow_temple_1_default, minmay_misc_feat_rows
D:4:      lemuel_coloured_pillars_altar, uniq_crazy_yiuf_cottage

Skill      XL: |  1  2  3  4 |
---------------+-------------+-----
Unarmed Combat | 2 |  2.8
Fighting       | 2 |  2.1
Stealth        | 5 |  5.0
Dodging        | 2 |  2.0
Short Blades   | |  0.7
Long Blades    | |  1.0

Action                   |  1- 3 |  4- 6 || total
-------------------------+-------+-------++-------
Melee: Club              |    17 |       ||    17
       Short sword       |    73 |       ||    73
       Punch             |     1 |     1 ||     2
       Unarmed           |    41 |    45 ||    86
  Use: Potion            |     5 |     1 ||     6
       Scroll            |       |     3 ||     3
 Stab: Sleeping          |     7 |     4 ||    11
  Eat: Chunk             |     4 |     4 ||     8
Armor: Robe              |    17 |     2 ||    19
       Skin              |     8 |    16 ||    24
Dodge: Dodged            |    93 |    20 ||   113

Table legend:
 A = Spawn XP
 B = Non-spawn XP
 C = Spawn XP percentage of total XP
 D = Spawn monster count
 E = Non-spawn monster count
 F = Spawn count percentage of total count
 G = Total turns spent on level
                    A         B        C        D         E        F      G
               +---------+---------+-------+---------+---------+-------+---------
         Total |       0 |     157 |   0.0 |       0 |      41 |   0.0 |  3400
               +---------+---------+-------+---------+---------+-------+---------
           D:1 |       0 |      39 |   0.0 |       0 |      19 |   0.0 |  1360
           D:2 |       0 |      51 |   0.0 |       0 |       5 |   0.0 |  1049
           D:3 |       0 |      65 |   0.0 |       0 |      16 |   0.0 |   983
           D:4 |       0 |       2 |   0.0 |       0 |       1 |   0.0 |     8
               +---------+---------+-------+---------+---------+-------+---------
